 Dungeon Crawl Stone Soup version 0.29.1-15-g9cfb28693d (webtiles) character file.

Game seed: 1965614641154129072

342596 Monad the Devastator (level 21, -5/157 (171) HPs)
             Began as a Purple Draconian Conjurer on Apr 17, 2023.
             Was the Champion of Qazlal.
             Killed from afar by a tengu reaver (50 damage)
             ... with a bolt of negative energy
             ... on level 5 of the Vaults on Apr 19, 2023.
             The game lasted 06:57:11 (62934 turns).

Monad the Devastator (Purple Draconian Conjurer)   Turns: 62934, Time: 06:57:13

HP:   -5/157 (171)  AC: 21    Str:  6    XL:     21   Next: 11%
MP:   9/41          EV: 14    Int: 38    God:    Qazlal [******]
Gold: 3421          SH: 25    Dex: 11    Spells: 7/52 levels left

rFire   . . .      SeeInvis .   x - staff of conjuration
rCold   . . .      Faith    .   H - +1 kite shield {AC+3}
rNeg    . . .      Spirit   .   (body armour unavailable)
rPois   .          Reflect  +   (helmet restricted)
rElec   +          Harm     .   v - +1 cloak
rCorr   .          Rampage  .   c - +1 pair of gloves
Will    +++..                   M - +2 pair of boots of the Elven Halls {Str-5 Int+5}
Stlth   +.........              X - amulet of reflection
HPRegen 0.36/turn               L - ring of wizardry
MPRegen 0.27/turn               g - +6 ring of intelligence

@: protected from electricity, drained, repel missiles
A: breathe power, AC +11, unfitting armour, cold-blooded
}: 2/15 runes: serpentine, barnacled
a: Breathe Dispelling Energy, Renounce Religion, Upheaval, Elemental Force,
Disaster Area


You were on level 5 of the Vaults.
You worshipped Qazlal.
Qazlal was exalted by your worship.
You visited 6 branches of the dungeon, and saw 35 of its levels.
You also visited: Gauntlet.

You collected 7558 gold pieces.
You spent 4137 gold pieces at shops.

Inventory:

Armour
 c - a +1 pair of gloves (worn)
 v - a +1 cloak (worn)
 H - a +1 kite shield of protection (worn)
 M - the +2 pair of boots of the Elven Halls (worn) {Str-5 Int+5}
   (You found it in a Gauntlet)

   Str:       It affects your strength (-5).
   Int:       It affects your intelligence (+5).
Magical Staves
 x - a staff of conjuration (weapon)
Jewellery
 f - a ring of poison resistance
 g - a +6 ring of intelligence (right hand)
 j - the ring of Kakaleso {Will+ Str+3 SInv}
   (You took it off an orc on level 1 of the Orcish Mines)

   [ring of willpower]

   Str:       It affects your strength (+3).
   SInv:      It lets you see invisible.
   Will:      It increases your willpower.
 m - an amulet of guardian spirit
 o - a ring of magical power
 z - a ring of willpower
 F - a ring of protection from fire
 L - a ring of wizardry (left hand)
 W - an amulet of regeneration
 X - an amulet of reflection (around neck)
Wands
 e - a wand of mindburst (4)
 u - a wand of acid (5)
 I - a wand of roots (25)
 K - a wand of digging (6)
 T - a wand of flame (62)
 U - a wand of polymorph (15)
Scrolls
 d - 8 scrolls of teleportation
 k - a scroll of enchant armour
 l - 9 scrolls of poison
 s - 5 scrolls of enchant weapon
 w - 2 scrolls of amnesia
 J - 2 scrolls of brand weapon
 O - 5 scrolls of magic mapping
 V - 3 scrolls of fear
Potions
 a - 2 potions of ambrosia
 h - 13 potions of curing
 i - 3 potions of resistance
 n - 5 potions of flight
 p - 5 potions of haste
 q - 2 potions of invisibility
 r - a potion of heal wounds
 A - 4 potions of might
 C - 3 potions of magic
 D - 8 potions of brilliance
 G - 3 potions of cancellation
 N - 4 potions of mutation
Miscellaneous
 b - a box of beasts
 t - a tin of tremorstones (2/2)
 S - a condenser vane
 Y - a phantom mirror
 Z - a lightning rod (4/4)


   Skills:
 - Level 11.2 Fighting
 - Level 12.0 Staves
 - Level 9.4 Dodging
 - Level 1.8 Stealth
 - Level 10.3 Shields
 - Level 16.3 Spellcasting
 - Level 20.5 Conjurations
 - Level 15.5 Hexes
 - Level 8.0 Necromancy
 - Level 4.0 Translocations
 + Level 10.7 Earth Magic
 - Level 10.2 Invocations
 - Level 9.1 Evocations


You had 7 spell levels left.
You knew the following spells:

 Your Spells              Type           Power      Damage    Failure   Level
a - Orb of Destruction    Conj           68%        9d16      1%          7
b - Fulminant Prism       Conj/Hex       64%        3d27      0%          4
c - Iskenderun's Mystic   Conj/Tloc      100%       2d19      1%          4
d - Borgnjor's Vile Clut  Necr/Erth      40%        N/A       1%          5
e - Sublimation of Blood  Necr           75%        N/A       1%          2
f - Searing Ray           Conj           100%       2d8       0%          2
g - Apportation           Tloc           100%       N/A       1%          1
h - Magic Dart            Conj           100%       1d8       0%          1
i - Discord               Hex            49%        N/A       11%         8
j - Lehudib's Crystal Sp  Conj/Erth      61%        10d14     11%         8
k - Vampiric Draining     Necr           75%        2d11      1%          3

Your spell library contained the following spells:

 Spells                   Type           Power      Damage    Failure   Level
 Slow                     Hex            100%       N/A       0%          1
 Confusing Touch          Hex            99%        N/A       0%          3
 Dazzling Flash           Conj/Hex       100%       N/A       0%          3
 Stone Arrow              Conj/Erth      100%       3d13      0%          3
 Tukima's Dance           Hex            99%        N/A       0%          3
 Beastly Appendage        Tmut           62%        N/A       1%          1
 Necrotise                Necr           100%       1d9       1%          1
 Summon Small Mammal      Summ           100%       N/A       1%          1
 Passwall                 Tmut/Erth      53%        N/A       1%          2
 Static Discharge         Conj/Air       100%       3-16/arc  1%          2
 Conjure Flame            Conj/Fire      100%       6-21      1%          3
 Gell's Gravitas          Tloc           57%        N/A       1%          3
 Portal Projectile        Hex/Tloc       100%       N/A       1%          3
 Summon Guardian Golem    Hex/Summ       74%        N/A       1%          3
 Teleport Other           Tloc           57%        N/A       1%          3
 Animate Dead             Necr           75%        N/A       1%          4
 Cause Fear               Hex            49%        N/A       1%          4
 Dispel Undead            Necr           75%        3d25      1%          4
 Leda's Liquefaction      Hex/Erth       46%        N/A       1%          4
 Petrify                  Tmut/Erth      64%        N/A       1%          4
 Sticky Flame             Conj/Fire      100%       2d11      1%          4
 Agony                    Necr           75%        N/A       1%          5
 Lee's Rapid Deconstruct  Erth           42%        3d22*     1%          5
 Metabolic Englaciation   Hex/Ice        37%        N/A       1%          5
 Call Canine Familiar     Summ           31%        N/A       2%          3
 Frozen Ramparts          Ice            62%        1d10      2%          3
 Ignite Poison            Fire/Tmut/Pois 31%        N/A       2%          3
 Spider Form              Tmut/Pois      31%        N/A       2%          3
 Corpse Rot               Necr/Pois/Air  50%        N/A       3%          4
 Death Channel            Necr           37%        N/A       5%          6
 Ice Form                 Ice/Tmut       31%        N/A       9%          4
 Olgreb's Toxic Radiance  Pois           31%        N/A       9%          4
 Summon Ice Beast         Ice/Summ       31%        N/A       9%          4
 Summon Forest            Summ/Tloc      23%        N/A       12%         5
 Spellforged Servitor     Conj/Summ      52%        N/A       12%         7
 Statue Form              Tmut/Erth      42%        N/A       16%         6
 Blade Hands              Tmut           15%        N/A       26%         5
 Dispersal                Tloc           28%        N/A       26%         6
 Eringya's Noxious Bog    Tmut/Pois      15%        N/A       77%         6
 Ozocubu's Refrigeration  Ice            15%        4d10      99%         7
 Summon Hydra             Summ           15%        N/A       99%         7
 Borgnjor's Revivificati  Necr           37%        N/A       89%         8
 Ignition                 Fire           15%        3d6       100%        8
 Necromutation            Tmut/Necr      28%        N/A       100%        8
 Death's Door             Necr           37%        N/A       100%        9
 Animate Armour           Summ/Erth      Unusable   N/A       N/A         4

Dungeon Overview and Level Annotations

Branches:
Dungeon (15/15)            Temple (0/1) D:6            Lair (5/5) D:11
 Shoals (4/4) Lair:3        Snake (4/4) Lair:2        Slime (0/5) Lair:4
    Orc (2/2) D:11            Elf (0/3) Orc:2        Vaults (5/5) D:14
  Crypt (0/3) Vaults:3     Depths (0/4) D:15        Gauntlet (visited)

Altars:
Cheibriados
Gozag
Kikubaaqudgha
Nemelex Xobeh
Qazlal
Trog
Wu Jian
Xom
Yredelemnul

Shops:
D:3 !   D:12 (   Orc:2 =*((   Shoals:2 (   Snake:2 !!**   Snake:3 =*:(!:(([
Vaults:3 [[(*   Vaults:4 (

Annotations:
Snake:1 2 transporters, kitsune's ghost, journeyman TeAE


Innate Abilities, Weirdness & Mutations

You can breathe bolts of dispelling energy.
Your rich purple scales are hard. (AC +11)
You cannot fit into any form of body armour.
You are cold-blooded and may be slowed by cold attacks.


Message History

You block the shadow dragon's attack. The shadow dragon barely misses you.
You block the shadow dragon's attack.
A vault guard comes into view. It is wielding a +3 battleaxe.
The ogre hits the two-headed ogre with a +0 giant club!!
Casting: Iskenderun's Mystic Blast (safe; 1% risk of failure)
Confirm with . or Enter, or press ? or * to list all spells.
Okay, then.
Okay, then.
Casting: Iskenderun's Mystic Blast (safe; 1% risk of failure)
Confirm with . or Enter, or press ? or * to list all spells.
You feel a surge of power!
You erupt in a blast of force!
The mystic blast hits the vault guard!
The vault guard is almost dead.
The vault guard is knocked back by the mystic blast.
The mystic blast hits the shadow dragon!!
The shadow dragon is severely wounded.
The shadow dragon is knocked back by the mystic blast.
Your surroundings suddenly seem different.
A tengu reaver, a shadow dragon, a deep elf sorcerer, 3 humans and 2 giants come into view.
The tengu reaver is wielding a +0 war axe and wearing a +2 ring mail of poison resistance.
A vault warden is wielding a +0 war axe and wearing a +1 plate armour of fire resistance.
The tengu reaver shouts!
The deep elf sorcerer shouts!
The vault warden shouts!
The ettin shouts in stereo!
The titan shouts!
You hear a shout!
The ironbound preserver is engulfed in blazing flames.
You block the shadow dragon's attack. The shadow dragon barely misses you.
You block the shadow dragon's attack. Qazlal accepts your kill.
You feel a bit more experienced.
As you read the scroll of fear, it crumbles to dust.
You assume a fearsome visage.
The tengu reaver easily resists.
The shadow dragon looks frightened!
The deep elf sorcerer resists with almost no effort.
The vault warden looks frightened!
The ironbound preserver looks frightened!
The ettin looks frightened!
The titan resists with almost no effort.
Qazlal accepts your kill.
You feel a bit more experienced.
The tengu reaver gestures at you while chanting.
The bolt of negative energy hits you!!!
You feel drained.
You die...

#######
.......
.......
..... #####
#
....#..Q...#
#§.○#.#p..'
##.D.#.#..#
#.#@e...#
#..#p...p.#
#...C.....#
#....#C#.##
#...#...#.#
#+####### #


You could see a shadow dragon (fleeing), an ironbound preserver (fleeing), a
titan, a vault warden (fleeing), a tengu reaver, a vault guard, an ettin
(fleeing) and a deep elf sorcerer.

Vanquished Creatures
  Vashnia (Snake:4)
  A golden dragon (Vaults:4)
  Jorgrun (D:14)
  3 sphinxes
  Roxanne (Snake:4)
  A shadow dragon (Vaults:3)
  6 nagarajas
  A storm dragon (Shoals:4)
  A fire giant (Vaults:4)
  Aizul (Snake:3)
  Louise (Snake:4)
  An emperor scorpion (D:15)
  A frost giant (Vaults:3)
  16 vault wardens
  3 orc warlords
  14 ironbound preservers
  2 war gargoyles (Vaults:4)
  A stone giant (Vaults:1)
  11 ironbound thunderhulks
  3 very ugly things (Vaults:2)
  8 dire elephants
  An entropy weaver (Vaults:1)
  A minotaur (Gauntlet)
  A deep elf death mage (Vaults:1)
  A fire dragon (Lair:5)
  7 merfolk javelineers (Shoals:4)
  Josephine (D:14)
  6 merfolk impalers
  4 ettins
  12 yaktaur captains
  15 vault guards
  4 great orbs of eyes
  4 hydras
  Erolcha (Orc:2)
  An ogre mage (D:15)
  4 salamander tyrants
  3 boulder beetles (Vaults:1)
  13 centaur warriors
  Harold (D:10)
  10 naga warriors
  8 ironbound frosthearts
  A merfolk avatar (Shoals:3)
  14 anacondas
  11 two-headed ogres
  A deep troll earth mage (Vaults:4)
  2 merfolk aquamancers (Shoals:4)
  14 death yaks
  12 naga sharpshooters
  3 orc high priests (Orc:2)
  A tengu warrior (D:14)
  4 sun demons (Shoals:1)
  12 shock serpents
  A fire crab (shapeshifter) (Vaults:4)
  Lodul (D:11)
  7 salamander mystics
  39 deep trolls
  15 sea snakes
  10 naga ritualists
  A glowing orange brain (shapeshifter) (D:15)
  A necromancer (Vaults:2)
  9 wizards
  11 ironbound convokers
  21 harpies
  10 lindwurms
  9 orc knights
  14 mana vipers
  5 orc sorcerers
  12 ugly things
  A deep elf pyromancer (D:14)
  7 cyclopes
  7 fauns
  12 salamanders
  10 manticores
  34 black mambas
  8 torpor snails
  9 guardian serpents
  13 vault sentinels
  10 water nymphs
  2 guardian serpents (shapeshifter) (D:14)
  14 naga magi
  5 merfolk sirens
  4 gargoyles
  5 elephants
  8 cane toads
  8 rime drakes
  A freezing wraith (Vaults:2)
  7 komodo dragons
  A kobold demonologist (D:12)
  31 yaktaurs
  3 tengu conjurers (D:14)
  9 trolls
  12 polar bears
  10 wind drakes
  4 tyrant leeches (Lair:5)
  9 hornets (Lair:5)
  40 slime creatures
  Grinder (D:4)
  34 merfolk
  10 dream sheep
  An elf zombie (Vaults:2)
  A tarantella (shapeshifter) (D:14)
  2 raiju (Lair:5)
  16 blink frogs
  6 snapping turtles
  A slime creature (shapeshifter) (D:15)
  10 air elementals (Shoals:4)
  A shadow (D:13)
  4 centaur simulacra (Gauntlet)
  2 wyverns
  A vampire (D:10)
  5 basilisks
  15 water elementals
  9 wraiths
  36 yaks
  A redback (Vaults:1)
  8 steam dragons
  9 vampire mosquitoes
  Edmund (D:4)
  34 nagas
  A glowing shapeshifter zombie (Vaults:2)
  15 wargs
  An acid dragon (Lair:2)
  Duvessa (D:4)
  14 water moccasins
  A glowing shapeshifter skeleton (Vaults:2)
  13 hell hounds (Lair:5)
  29 orc warriors
  12 black bears
  A human zombie (Vaults:2)
  3 ice beasts
  17 ogres
  3 boggarts (Vaults:2)
  27 wolves
  A human skeleton (Vaults:2)
  18 centaurs
  6 kobold brigands
  2 phantoms
  11 bullfrogs
  3 scorpions
  4 gnoll sergeants
  10 wights
  Dowan (D:4)
  A hornet simulacrum (Gauntlet)
  4 killer bees (D:10)
  2 howler monkeys
  5 electric eels
  4 hounds (D:11)
  13 orc priests
  7 jellies
  Natasha (thrice) (D:4)
  4 iguanas
  19 orc wizards
  A mummy (D:11)
  Robin (D:4)
  19 gnolls
  6 adders
  A shadow imp (D:7)
  3 white imps (D:14)
  2 ufetubi
  A worm (D:2)
  A dart slug (D:2)
  61 orcs
  4 bats
  8 endoplasms
  4 giant cockroaches
  16 goblins
  13 hobgoblins
  18 kobolds
  4 quokkas
  8 ball pythons
  2 frilled lizards
  7 rats
  5 fulminant prisms
1350 creatures vanquished.

Vanquished Creatures (collateral kills)
  Mlioglotl (Shoals:1)
  2 tentacled monstrosities (Vaults:5)
  2 titans (Vaults:5)
  A quicksilver dragon (Vaults:5)
  3 tengu reavers (Vaults:5)
  A frost giant (Vaults:5)
  A fire giant (Vaults:5)
  4 vault wardens
  A deep elf sorcerer (Vaults:4)
  An ironbound preserver (Vaults:5)
  2 stone giants
  A deep elf demonologist (Vaults:5)
  An ettin (Vaults:5)
  A merfolk impaler (Shoals:4)
  A deep elf death mage (Vaults:5)
  3 yaktaur captains
  17 vault guards
  A rakshasa (D:14)
  A radroach (shapeshifter) (Vaults:4)
  An ironbound frostheart (Vaults:3)
  An alligator snapping turtle (Shoals:2)
  A two-headed ogre (Vaults:5)
  2 death yaks (Lair:3)
  A sea snake (Shoals:4)
  A flayed ghost (Vaults:5)
  A naga ritualist (Snake:3)
  An ironbound convoker (Vaults:5)
  2 harpies (Shoals:4)
  An ugly thing (Vaults:3)
  A black mamba (Snake:3)
  2 vault sentinels (Vaults:5)
  2 water nymphs (Shoals:4)
  A yaktaur (Vaults:4)
  A merfolk (Shoals:4)
  A dream sheep (shapeshifter) (Vaults:4)
  A yak (D:10)
  A water elemental (Shoals:4)
  A floating eye (shapeshifter) (Vaults:5)
  An ogre (Vaults:5)
69 creatures vanquished.

Vanquished Creatures (others)
  A shadow dragon (Vaults:5)
  A vault guard (Vaults:5)
  A salamander mystic (Snake:4)
  A harpy (Shoals:4)
  A blink frog (Lair:2)
  A dream sheep (shapeshifter) (Vaults:5)
  An orc priest (Orc:2)
  14 demonic plants (Gauntlet)
  556 fulminant prisms
  23 fungi
  130 plants
730 creatures vanquished.

Grand Total: 2149 creatures vanquished

Notes
Turn   | Place    | Note
-------+----------+-------------------------------------------
     0 | D:1      | Monad the Draconian Conjurer began the quest for the Orb.
     0 | D:1      | Reached XP level 1. HP: 14/14 MP: 3/3
   269 | D:1      | You fall into a shaft and drop 1 floor!
   406 | D:2      | Reached XP level 2. HP: 16/20 MP: 1/5
   476 | D:2      | Learned a level 2 spell: Searing Ray
   948 | D:1      | Reached XP level 3. HP: 26/26 MP: 2/6
   992 | D:1      | Reached skill level 5 in Conjurations
  1948 | D:2      | Found a faded altar of an unknown god.
  2310 | D:3      | Found Falophog's Distillery.
  2317 | D:3      | Bought a potion of heal wounds for 65 gold pieces
  2430 | D:3      | Reached XP level 4. HP: 33/33 MP: 7/7
  2438 | D:3      | Learned a level 4 spell: Fulminant Prism
  2613 | D:3      | Reached skill level 1 in Hexes
  2979 | D:3      | Found an ornate altar of the Wu Jian Council.
  2979 | D:3      | Found a basalt altar of Yredelemnul.
  2980 | D:3      | Found a stormy altar of Qazlal.
  2986 | D:3      | Became a worshipper of Qazlal Stormbringer
  3196 | D:4      | Reached XP level 5. HP: 38/38 MP: 8/8
  3325 | D:4      | Reached skill level 6 in Conjurations
  3527 | D:4      | Noticed Edmund
  3528 | D:4      | Noticed Natasha
  3634 | D:4      | Killed Natasha
  3636 | D:4      | Noticed Natasha
  3640 | D:4      | Killed Natasha
  3640 | D:4      | Reached * piety under Qazlal
  3641 | D:4      | Reached XP level 6. HP: 42/45 MP: 10/10
  3807 | D:4      | Learned a level 3 spell: Stone Arrow
  3949 | D:4      | Noticed Grinder
  3951 | D:4      | Paralysed by Grinder for 5 turns
  3957 | D:4      | Paralysed by Grinder for 2 turns
  3964 | D:4      | Killed Grinder
  3965 | D:4      | Reached skill level 7 in Conjurations
  3965 | D:4      | Your scales start taking on a rich purple colour.
  3965 | D:4      | Reached XP level 7. HP: 30/50 MP: 5/13
  4141 | D:4      | Killed Edmund
  4158 | D:4      | Noticed Natasha
  4162 | D:4      | Killed Natasha
  4233 | D:4      | Noticed Duvessa
  4233 | D:4      | Noticed Dowan
  4237 | D:4      | Killed Dowan
  4238 | D:4      | Reached skill level 1 in Fighting
  4238 | D:4      | Reached skill level 1 in Invocations
  4242 | D:4      | Killed Duvessa
  4666 | D:4      | Noticed Robin
  4675 | D:4      | Killed Robin
  4687 | D:4      | Reached XP level 8. HP: 62/62 MP: 3/15
  5059 | D:5      | Entered Level 5 of the Dungeon
  5059 | D:5      | Found a snail-covered altar of Cheibriados.
  5521 | D:5      | Found a shimmering altar of Xom.
  5904 | D:6      | Reached ** piety under Qazlal
  5936 | D:6      | Identified the +7 dagger of the Usurping Gods {pain, rC-
                  | rN+ Dex+6 Stlth+}
  6066 | D:6      | Reached skill level 5 in Spellcasting
  6115 | D:6      | Found a staircase to the Ecumenical Temple.
  6813 | D:7      | Found an ancient bone altar of Kikubaaqudgha.
  6862 | D:7      | Reached skill level 5 in Fighting
  6950 | D:7      | Learned a level 4 spell: Iskenderun's Mystic Blast
  7014 | D:7      | Reached XP level 9. HP: 38/74 MP: 0/17
  7530 | D:7      | Reached skill level 8 in Conjurations
  7530 | D:7      | Reached skill level 1 in Translocations
  7820 | D:8      | Noticed a two-headed ogre
  7828 | D:8      | Killed a two-headed ogre
  7880 | D:8      | Reached skill level 9 in Conjurations
  8047 | D:8      | Noticed a two-headed ogre
  8052 | D:8      | Killed a two-headed ogre
  8245 | D:8      | Found a sparkling altar of Nemelex Xobeh.
  8387 | D:8      | Reached XP level 10. HP: 55/84 MP: 5/18
  8588 | D:9      | Identified a scroll of acquirement
  8588 | D:9      | Acquired a staff of conjuration
  9052 | D:9      | Reached skill level 10 in Conjurations
  9398 | D:9      | Noticed a centaur warrior
  9408 | D:9      | Killed a centaur warrior
  9753 | D:9      | Reached skill level 5 in Dodging
  9753 | D:9      | Reached skill level 1 in Evocations
  9773 | D:9      | Reached *** piety under Qazlal
  9940 | D:9      | Found a bloodstained altar of Trog.
 10339 | D:10     | Entered Level 10 of the Dungeon
 10378 | D:10     | Reached XP level 11. HP: 82/93 MP: 4/21
 11030 | D:10     | Reached skill level 5 in Invocations
 11307 | D:10     | Noticed Harold
 11322 | D:10     | Killed Harold
 11476 | D:10     | Reached skill level 5 in Evocations
 11903 | D:11     | Found a snail-covered altar of Cheibriados.
 11932 | D:11     | Noticed a four-headed hydra
 11938 | D:11     | Killed a four-headed hydra
 12233 | D:11     | Found a gate leading to a gauntlet.
 12240 | Gauntlet | Entered a Gauntlet
 12240 | Gauntlet | Noticed a catoblepas
 12240 | Gauntlet | Found a transporter.
 12240 | Gauntlet | Found a transporter.
 12240 | Gauntlet | Found a transporter.
 12241 | Gauntlet | Found a transporter.
 12461 | Gauntlet | Found a transporter.
 12461 | Gauntlet | Found a transporter.
 12477 | Gauntlet | Found a transporter.
 12478 | Gauntlet | Found a transporter.
 12480 | Gauntlet | Found a transporter.
 12480 | Gauntlet | Noticed a sixfirhy
 12481 | Gauntlet | Found a transporter.
 12482 | Gauntlet | Noticed a sixfirhy
 12484 | Gauntlet | Noticed a sixfirhy
 12484 | Gauntlet | Noticed a dire elephant
 12490 | Gauntlet | Found a transporter.
 12492 | Gauntlet | Noticed a sixfirhy
 12493 | Gauntlet | Found a transporter.
 13006 | Gauntlet | Learned a level 3 spell: Conjure Flame
 13197 | Gauntlet | Identified the +2 pair of boots of the Elven Halls {Str-5
                  | Int+5}
 13203 | Gauntlet | Killed a dire elephant
 13204 | Gauntlet | Reached skill level 11 in Conjurations
 13210 | Gauntlet | Reached XP level 12. HP: 85/101 MP: 3/24
 13377 | Gauntlet | Noticed a minotaur
 13389 | Gauntlet | Killed a minotaur
 13711 | D:11     | Found a staircase to the Lair.
 13967 | D:11     | Noticed Lodul
 13981 | D:11     | Killed Lodul
 14517 | D:11     | Reached **** piety under Qazlal
 14670 | D:11     | Reached skill level 1 in Staves
 14722 | D:11     | Found a staircase to the Orcish Mines.
 15068 | D:12     | Noticed a two-headed ogre
 15072 | D:12     | Killed a two-headed ogre
 15076 | D:12     | Noticed a two-headed ogre
 15081 | D:12     | Killed a two-headed ogre
 15261 | Lair:1   | Entered Level 1 of the Lair of Beasts
 15769 | Lair:1   | Reached skill level 5 in Staves
 16251 | Lair:2   | Found a staircase to the Snake Pit.
 16696 | Lair:2   | Reached skill level 5 in Earth Magic
 16933 | Lair:2   | Reached XP level 13. HP: 106/111 MP: 11/26
 17359 | Lair:2   | Reached ***** piety under Qazlal
 17869 | Lair:2   | Learned a level 1 spell: Apportation
 18520 | Lair:3   | Found a staircase to the Shoals.
 19536 | Lair:4   | Found a staircase to the Slime Pits.
 19563 | Lair:4   | Reached skill level 5 in Hexes
 20263 | Lair:4   | Reached skill level 12 in Conjurations
 20562 | Lair:4   | Identified the +0 chain mail "Hoaseri" {rElec Int+5}
 20861 | Lair:5   | Entered Level 5 of the Lair of Beasts
 21360 | Lair:5   | Reached skill level 10 in Staves
 21509 | Lair:4   | Reached XP level 14. HP: 118/118 MP: 19/27
 21827 | Lair:5   | Found a runed translucent door.
 22210 | Lair:5   | Paralysed by a hornet for 2 turns
 22640 | Lair:5   | Reached skill level 13 in Conjurations
 23931 | Lair:5   | Reached ****** piety under Qazlal
 24460 | Orc:1    | Entered Level 1 of the Orcish Mines
 24917 | Orc:2    | Entered Level 2 of the Orcish Mines
 24941 | Orc:2    | Noticed Erolcha
 24954 | Orc:2    | Killed Erolcha
 25358 | Orc:2    | Found a staircase to the Elven Halls.
 26487 | Orc:2    | Found Nemoam's Jewellery Shop.
 26492 | Orc:2    | Found Esattor's Weapon Emporium.
 26498 | Orc:2    | Found Giatuec's Antique Weapon Emporium.
 26500 | Orc:2    | Found Dapney's Assorted Antiques.
 26508 | Orc:2    | Bought a scroll of teleportation for 87 gold pieces
 26508 | Orc:2    | Bought a potion of curing for 87 gold pieces
 26508 | Orc:2    | Bought a scroll of identify for 58 gold pieces
 26508 | Orc:2    | Bought a potion of magic for 232 gold pieces
 26531 | Orc:2    | Bought a lightning rod (4/4) for 870 gold pieces
 26579 | Orc:1    | Noticed an orc warlord
 26714 | Orc:2    | Bought an amulet of reflection for 390 gold pieces
 26812 | Orc:2    | Killed an orc warlord
 26904 | Orc:1    | Reached XP level 15. HP: 124/124 MP: 28/28
 26916 | Orc:1    | Noticed an orc warlord
 27044 | Orc:1    | Identified the ring of Kakaleso {Will+ Str+3 SInv}
 27222 | Orc:2    | Reached skill level 10 in Invocations
 27222 | Orc:2    | Killed an orc warlord
 27886 | D:12     | Found Ryply's Weapon Boutique.
 28415 | D:13     | Reached skill level 14 in Conjurations
 29385 | D:14     | Reached skill level 1 in Shields
 29387 | D:14     | Noticed Jorgrun
 29619 | D:14     | Killed Jorgrun
 29622 | D:14     | Noticed Josephine
 29629 | D:14     | Killed Josephine
 29803 | D:14     | Reached skill level 5 in Shields
 31229 | D:14     | Found a gate to the Vaults.
 31557 | D:15     | Entered Level 15 of the Dungeon
 31912 | D:15     | Noticed an emperor scorpion
 31922 | D:15     | Killed an emperor scorpion
 32036 | D:15     | Reached skill level 10 in Shields
 32195 | D:15     | Reached XP level 16. HP: 132/132 MP: 29/29
 32354 | D:15     | Found a staircase to the Depths.
 32909 | Shoals:1 | Entered Level 1 of the Shoals
 33525 | Shoals:1 | Noticed Mlioglotl
 33533 | Shoals:1 | Noticed a tentacled starspawn
 33535 | Shoals:1 | Killed Mlioglotl
 33536 | Shoals:1 | Reached skill level 10 in Fighting
 34422 | Shoals:2 | Found Ycresytt's Firing Range.
 34743 | Shoals:2 | Reached skill level 15 in Conjurations
 36024 | Shoals:3 | Learned a level 7 spell: Orb of Destruction
 36628 | Shoals:4 | Entered Level 4 of the Shoals
 36631 | Shoals:4 | Paralysed by an air elemental for 1 turns
 36842 | Shoals:4 | Paralysed by an air elemental for 1 turns
 37298 | Shoals:4 | Reached skill level 16 in Conjurations
 37306 | Shoals:4 | Paralysed by an air elemental for 1 turns
 37308 | Shoals:4 | Paralysed by an air elemental for 1 turns
 38841 | Shoals:4 | Reached XP level 17. HP: 117/144 MP: 8/30
 38902 | Shoals:4 | Paralysed by an air elemental for 1 turns
 39185 | Shoals:4 | Reached skill level 10 in Spellcasting
 39247 | Shoals:4 | Identified the +4 plate armour "Syoghah" {Regen+ Dex+4}
 39419 | Shoals:4 | Identified the +4 falchion "Filoguli" {spect, rCorr Dex+5}
 39780 | Shoals:4 | Reached skill level 17 in Conjurations
 40492 | Shoals:4 | Paralysed by an air elemental for 1 turns
 40498 | Shoals:4 | Paralysed by an air elemental for 1 turns
 40701 | Shoals:4 | Paralysed by an air elemental for 1 turns
 40711 | Shoals:4 | Got a barnacled rune of Zot
 41066 | Shoals:4 | Paralysed by an air elemental for 1 turns
 41069 | Shoals:4 | Paralysed by an air elemental for 1 turns
 41210 | Shoals:4 | Paralysed by an air elemental for 1 turns
 41341 | Shoals:4 | Paralysed by an air elemental for 1 turns
 41397 | Shoals:4 | Found a basalt altar of Yredelemnul.
 41848 | Snake:1  | Entered Level 1 of the Snake Pit
 42743 | Snake:1  | Noticed kitsune's ghost (journeyman TeAE)
 42745 | Snake:1  | Found a transporter.
 43344 | Snake:1  | Found a transporter.
 43410 | Snake:1  | Reached skill level 18 in Conjurations
 46246 | Snake:2  | Found Meczinueje's Distillery.
 46251 | Snake:2  | Found Musasch's Distillery.
 46687 | Snake:2  | You fall into a shaft and drop 1 floor!
 46700 | Snake:3  | Reached XP level 18. HP: 120/151 MP: 19/34
 46825 | Snake:3  | Found Cathuerch's Jewellery Boutique.
 46828 | Snake:3  | Bought a ring of poison resistance for 280 gold pieces
 47238 | Snake:3  | Found Fuppupn's Distillery.
 47241 | Snake:3  | Found Xaqug's Antique Weapon Shoppe.
 47241 | Snake:3  | Found Haerotedd's Antique Weapon Emporium.
 47273 | Snake:3  | Found Leuliy's Book Shoppe.
 47373 | Snake:3  | Found Iskain's Book Emporium.
 47381 | Snake:3  | Bought a book of Debilitation for 240 gold pieces
 47412 | Snake:3  | Bought the Essays on Jinxing and Profane Liturgies for 960
                  | gold pieces
 47420 | Snake:3  | Learned a level 2 spell: Sublimation of Blood
 47424 | Snake:3  | Learned a level 3 spell: Vampiric Draining
 47586 | Snake:3  | Reached skill level 10 in Hexes
 47751 | Snake:3  | Found Kavuimm's Weapon Shoppe.
 47827 | Snake:3  | Found Roorees's Armour Shoppe.
 48093 | Snake:3  | Noticed Aizul
 48108 | Snake:3  | Killed Aizul
 48424 | Snake:3  | Found Rofusk's Assorted Antiques.
 48431 | Snake:3  | Bought a scroll labelled KIRASHR MUILIQU for 38 gold pieces
 48882 | Snake:4  | Entered Level 4 of the Snake Pit
 48912 | Snake:4  | Noticed Vashnia
 49087 | Snake:4  | Killed Vashnia
 49678 | Snake:4  | Identified Roxanne's Octavo of Transfiguration
 49678 | Snake:4  | Noticed Roxanne
 49730 | Snake:4  | Killed Roxanne
 49731 | Snake:4  | Reached skill level 1 in Necromancy
 49947 | Snake:4  | Identified the +1 robe of the Mackerel {-Tele Str+8}
 50076 | Snake:4  | Noticed Louise
 50349 | Snake:4  | Killed Louise
 50957 | Snake:4  | Reached skill level 5 in Necromancy
 51520 | Snake:4  | Got a serpentine rune of Zot
 51733 | Snake:2  | Found Ogaeduck's Specific Store.
 51738 | Snake:2  | Found Rehaev's General Store.
 51781 | Snake:3  | Bought a potion of heal wounds for 80 gold pieces
 52004 | Vaults:1 | Entered Level 1 of the Vaults
 52290 | Vaults:1 | Reached XP level 19. HP: 95/158 MP: 17/37
 53091 | Vaults:1 | Got the Teachings on Beguiling
 53344 | Vaults:1 | Reached skill level 19 in Conjurations
 54695 | Vaults:2 | Reached skill level 15 in Spellcasting
 55994 | Vaults:2 | Learned a level 8 spell: Discord
 56487 | Vaults:2 | Acquired 1353 gold pieces
 57613 | Vaults:3 | Reached XP level 20. HP: 118/166 MP: 28/39
 57871 | Vaults:3 | Reached skill level 20 in Conjurations
 58155 | Vaults:3 | Found Gozag's Assorted Antiques.
 58444 | Vaults:3 | Reached skill level 15 in Hexes
 58654 | Vaults:3 | Found an opulent altar of Gozag.
 58654 | Vaults:3 | Found Gozag's Antique Weapon Shoppe.
 58657 | Vaults:3 | Found Gozag's Antique Armour Emporium.
 58689 | Vaults:3 | Bought a pair of embroidered boots for 750 gold pieces
 59309 | Vaults:3 | Found Emau's Antique Armour Shoppe.
 59449 | Vaults:3 | Found a staircase to the Crypt.
 59449 | Vaults:3 | Found a basalt altar of Yredelemnul.
 59450 | Vaults:3 | Found an ancient bone altar of Kikubaaqudgha.
 59938 | Vaults:4 | Noticed a golden dragon
 60497 | Vaults:4 | Found the +9 heavy crossbow "Sniper" {vorpal, Acc+∞ SInv}
 60519 | Vaults:4 | Killed a golden dragon
 60673 | Vaults:4 | Identified the +1 crystal plate armour "Hitzoaq" {rC+
                  | Dex+6}
 60863 | Vaults:4 | Learned a level 8 spell: Lehudib's Crystal Spear
 60869 | Vaults:4 | Learned a level 5 spell: Borgnjor's Vile Clutch
 61134 | Vaults:4 | Found Wum Puar's Weapon Emporium.
 62191 | Vaults:5 | Entered Level 5 of the Vaults
 62927 | Vaults:5 | Reached XP level 21. HP: 57/163 MP: 1/41
 62928 | Vaults:5 | Identified the +8 hand axe "Muce" {spect, rC++}
 62928 | Vaults:5 | Noticed an ancient lich
 62929 | Vaults:5 | Reached skill level 10 in Earth Magic
 62934 | Vaults:5 | Killed from afar by a tengu reaver

Illustrated notes

Levels and vault maps discovered:
D:1:      heliophobic_arrival_dark_side_of_the_moon, layout_basic
D:2:      layout_basic, shapermc_ecumenical_altar_acropolis, minmay_cupped
D:3:      layout_loops_cross, gammafunk_temple_overflow_claw, serial_shops,
          nicolae_shop_competitors_out_of_business
D:4:      layout_basic, uniq_grinder, uniq_edmund, uniq_natasha, uniq_robin,
          uniq_duvessa
D:5:      layout_cave_pools, mainiacjoe_overflow_large_starburst
D:6:      layout_rooms, minmay_temple_entry_slanted
D:7:      layout_basic, lemuel_round_altar
D:8:      layout_rooms, nemelex_diamond_rough_becter, grunt_tough_drop
D:9:      layout_irregular_city, trog_butcher_becter, enter_bailey_1
D:10:     layout_loops_ring, grunt_ministairs_15, uniq_harold
D:11:     layout_loops_cross, erik_lair_island,
          kennysheep_orc_monster_closet_entryway, gauntlet_entry_generic,
          slow_altar_1, uniq_lodul
D:12:     layout_gridville, serial_shops, nicolae_shop_stone
D:13:     layout_cave_pods, hangedman_decor_growths
D:14:     layout_cross, lightli_vaults_fourway_checkpoint, serial_ice,
          serial_ice_j, serial_ice_e, serial_ice_m, serial_ice_f, minivault_24,
          uniq_josephine, uniq_jorgrun
D:15:     hangedman_depths_entry_try_elsewhere_first, layout_cave_pools,
          minmay_misc_feat_nine_boxes, nicolae_figureground_pulse
Lair:1:   layout_loops_ring, minivault_19
Lair:2:   layout_regular_city, dummy_snake_entry, bobbens_dragon_lair_wall,
          lemuel_fruit_tree
Lair:3:   layout_chaotic_city, elwin_shoals_entry_rocks, grunt_megastairs_5
Lair:4:   layout_small_grid, nicolae_slime_entry_slimehenge
Lair:5:   wormcave, layout_cave_pods, hangedman_lair_caniforms_friends,
          chequers_serial_rivers_micro_c, serial_bayou_pond_a,
          lemuel_old_faithful
Shoals:1: nicolae_shoals_island_circles, layout_shoals, ldierk_geyser,
          nicolae_shoals_sun_and_surf, uniq_mlioglotl
Shoals:2: layout_shoals, nicolae_shop_firing_range
Shoals:3: layout_shoals
Shoals:4: shoals_end_hellmonk_storm_palace [storm_palace_center_square,
          storm_palace_corner_narrow, storm_palace_corner_altar,
          storm_palace_corner_pillars, storm_palace_corner_blocked]
Snake:1:  layout_misc_corridors, gammafunk_ghost_arena,
          nicolae_snake_scaly_snakehead
Snake:2:  layout_layer_cave, nicolae_specific_store, grunt_megastairs_1,
          minmay_shop_star
Snake:3:  layout_chambers, serial_shops, shop, nicolae_stop_n_shop_2,
          nicolae_stop_n_shop_1, nicolae_shop_behind_doors, shop,
          serial_bayou_shore_a, minmay_shoptagon, uniq_aizul
Snake:4:  snake_pit_salamanders_mu, layout_basic, uniq_vashnia, uniq_louise,
          uniq_roxanne
Orc:1:    layout_diamond_mine, nicolae_orc_lava_tube, minmay_orc_treasury
Orc:2:    st_orc_elflike, layout_diamond_mine, minmay_orc_temple_a, uniq_erolcha
Vaults:1: dpeg_vaults_hating_casters, vaults_room_pools, v_rooms_2,
          vaults_room_fours, vaults_room_door_ring, ontoclasm_vaults_shuriken,
          ontoclasm_vaults_chip, vaults_room_hallway,
          ontoclasm_vaults_decontamination, layout_vaults_chaotic_city
Vaults:2: nicolae_vaults_network_quinsquares
          [nicolae_vaults_network_quincunx_subvault,
          nicolae_vaults_network_quincunx_subvault,
          nicolae_vaults_network_quincunx_subvault,
          nicolae_vaults_network_quincunx_subvault], vaults_dpeg_emergency_exit,
          v_rooms_5, nicolae_vaults_border_crossing, v_misc_22,
          vaults_mumra_hex, nicolae_vaults_angled_halls, layout_vaults_omnigrid
Vaults:3: v_alt_pattern_2, vaults_room_fours, minmay_crypt_entry_necro_gods,
          ontoclasm_vaults_chip, ontoclasm_vaults_twist,
          nicolae_vaults_mini_display_case, hangedman_vaults_slither,
          kennysheep_vaults_gozag_temple, vaults_room_hallway,
          nicolae_vaults_network_square, nicolae_vaults_little_squares_5,
          ontoclasm_vaults_ring_small, layout_vaults_ring, serial_shops,
          nicolae_shop_window_shopping
Vaults:4: vaults_dpeg_spiral, vaults_dpeg_doors,
          nicolae_vaults_little_squares_6,
          minmay_guarded_unrand_secular_launcher, vaults_room_pool,
          nicolae_vaults_network_star, vaults_room_fancy_cross,
          hangedman_vaults_locks, grunt_vaults_focal, grunt_vaults_diagonal,
          vaults_mumra_minichess, layout_vaults_big_cross, serial_shops,
          nicolae_shop_bloodbath_and_beyond
Vaults:5

Skill      XL: |  1  2  3  4  5  6  7  8  9 10 11 12 13 14 15 16 17 18 19 20 21 |
---------------+----------------------------------------------------------------+-----
Conjurations   | 5 6 7 9 10 11 12 13 14 16 18 19 20 | 20.5
Hexes          | 1 2 5 8 11 14 15 | 15.5
Spellcasting   | 3 4 5 7 8 9 12 14 15 16 | 16.3
Earth Magic    | 2 3 4 5 9 10 | 10.7
Fighting       | 2 5 6 7 9 11 | 11.2
Invocations    | 2 3 4 5 9 10 | 10.2
Translocations | 4 |  4.0
Dodging        | 3 5 7 8 9 |  9.4
Evocations     | 2 7 8 9 |  9.1
Staves         | 6 10 12 | 12.0
Shields        | 10 | 10.3
Necromancy     | 6 8 |  8.0
Stealth        | |  1.8

Action                   |  1- 3 |  4- 6 |  7- 9 | 10-12 | 13-15 | 16-18 | 19-21 || total
-------------------------+-------+-------+-------+-------+-------+-------+-------++-------
Melee: Morningstar       |     1 |       |       |       |       |       |       ||     1
       Dagger            |       |       |     8 |       |       |       |       ||     8
       Tailslap          |       |       |     2 |    10 |    79 |   114 |    92 ||   297
       Staff             |       |       |       |    92 |   477 |   599 |   359 ||  1527
       Punch             |       |       |       |     1 |     4 |       |       ||     5
 Cast: Magic Dart        |    62 |    55 |    63 |    84 |    39 |       |     1 ||   304
       Searing Ray       |     5 |    17 |       |       |       |       |       ||    22
       Stone Arrow       |       |     1 |    69 |   235 |   167 |    99 |       ||   571
       Fulminant Prism   |       |     1 |    11 |    18 |   179 |   200 |   152 ||   561
       Iskenderun's Myst |       |       |     6 |    24 |    48 |    88 |    51 ||   217
       Conjure Flame     |       |       |       |     2 |       |       |       ||     2
       Apportation       |       |       |       |       |     4 |     1 |       ||     5
       Orb of Destructio |       |       |       |       |       |   143 |    45 ||   188
       Vampiric Draining |       |       |       |       |       |    12 |     7 ||    19
       Sublimation of Bl |       |       |       |       |       |     7 |    12 ||    19
       Borgnjor's Vile C |       |       |       |       |       |       |    13 ||    13
       Discord           |       |       |       |       |       |       |     7 ||     7
       Lehudib's Crystal |       |       |       |       |       |       |     2 ||     2
Invok: Elemental Force   |       |       |       |     3 |     3 |     6 |     4 ||    16
       Disaster Area     |       |       |       |       |     1 |     1 |       ||     2
 Abil: Breathe Dispellin |       |       |     4 |     5 |     2 |     1 |       ||    12
Evoke: Wand              |       |       |       |    10 |    11 |    11 |       ||    32
       Condenser vane    |       |       |       |       |     1 |     2 |       ||     3
       Lightning rod     |       |       |       |       |     1 |     5 |       ||     6
       Box of beasts     |       |       |       |       |       |       |     2 ||     2
  Use: Potion            |     1 |       |       |     7 |     3 |    14 |     7 ||    32
       Scroll            |     3 |     3 |     7 |    12 |     6 |    10 |    10 ||    51
Armor: Skin              |     3 |     5 |    12 |    57 |   152 |   144 |    72 ||   445
Dodge: Dodged            |     4 |     7 |    33 |   119 |   282 |   249 |   130 ||   824
       Repelled          |       |       |       |     1 |     9 |    24 |     6 ||    40
Block: Other             |       |       |     7 |    49 |   147 |       |       ||   203
       Kite shield       |       |       |       |       |   118 |   901 |   416 ||  1435
       Reflection        |       |       |       |       |    32 |   142 |    94 ||   268
